AoeStats
← DS_Kvothe

Golden Pit

508531202Analyzed
1v1 RM · 9d ago on Sep 22, 2026· 14m 41s· 2 players
Game mode
Random Map
Map size
Tiny (2 player)
Population
200
Speed
Normal
Resources
Standard
Victory
Conquest
Starting age
Dark Age
Ending age
Imperial Age
RankedLock teamsTeams togetherTeam positionsShared explorationLock speedFull tech treeHidden civsTurbo modeCheats
Victory
Defeat
🇺🇦 Bulgarians · Ukraine
1799
+21
🇦🇷 Aztecs · Argentina
1909
-21
lxnmnk Trade | B | S
6:28 Loom
9:04 Feudal Age
10:14 Double-Bit Axe
11:30 Wheelbarrow
11:54 Arson
13:49 Fletching
14:24 Scale Mail Armor
DS_Kvothe
7:33 Loom
10:21 Feudal Age
11:47 Double-Bit Axe
Connection lost

Rejoining the realm…

Still unreachable

The connection could not be restored.

Session expired

The server has moved on; the page needs a fresh start.